 Dungeon Crawl Stone Soup version 0.30-b1-2-g02819fbbbe (webtiles) character file.

Game seed: 7061923231981129161

20248 LLlMATKO the Cleaver (level 12, -9/162 HPs)
             Began as a Minotaur Berserker on May 28, 2023.
             Was an Elder of Trog.
             Mangled by a 13-headed hydra (10 damage)
             ... on level 13 of the Dungeon.
             The game lasted 00:14:19 (11785 turns).

LLlMATKO the Cleaver (Minotaur Berserker)          Turns: 11785, Time: 00:14:20

Health: -9/162     AC: 19    Str: 24    XL:     12   Next: 43%
Magic:  11/11      EV: 11    Int:  4    God:    Trog [****..]
Gold:   783        SH: 17    Dex: 17    Spells: 11/11 levels left

rFire   + + .        t - +2 hand axe (elec)
rCold   + + .        h - +0 kite shield
rNeg    + . .        p - +0 plate armour
rPois   +            F - +2 hat
rElec   .            J - scarf {rC+ rF+}
rCorr   .            (no gloves)
SInv    +            Q - +1 pair of boots of Oshiomm {Dex+4}
Will    .....        a - amulet of reflection Stlth
                     R - ring of poison resistance
HPRegen 0.47/turn    K - ring "Xonwarui" {Fly rF+ rC+ rN+ SInv}
MPRegen 0.12/turn

%: reflection
@: berserking, flying, very quick
A: horns 2, retaliatory headbutt
a: Renounce Religion, Berserk, Trog's Hand, Brothers in Arms


You were on level 13 of the Dungeon.
You worshipped Trog.
Trog was greatly pleased with you.
You visited 1 branch of the dungeon, and saw 13 of its levels.
You also visited: Sewer and Ossuary.

You collected 805 gold pieces.
You spent 22 gold pieces at shops.

Inventory:

Hand Weapons
 n - a +0 sling
 t - a +2 hand axe of electrocution (weapon)
 M - a +1 hand axe of venom
Missiles
 c - 2 silver boomerangs
 l - 5 curare-tipped darts
 s - 30 poisoned darts (quivered)
Armour
 h - a +0 kite shield (worn)
 p - a +0 plate armour (worn)
 F - a +2 hat (worn)
 J - a scarf of resistance (worn)
 Q - the +1 pair of boots of Oshiomm (worn) {Dex+4}
   (You found it on level 10 of the Dungeon)

   Dex:       It affects your dexterity (+4).
Jewellery
 a - an amulet of reflection (around neck)
 K - the ring "Xonwarui" (right hand) {Fly rF+ rC+ rN+ SInv}
   (You found it on level 8 of the Dungeon)

   [ring of flight]

   rF:        It protects you from fire.
   rC:        It protects you from cold.
   rN:        It protects you from negative energy.
   SInv:      It lets you see invisible.
   Fly:       It grants you flight.
 R - a ring of poison resistance (left hand)
Wands
 B - a wand of flame (12)
 H - a wand of mindburst (10)
 L - a wand of light (7)
 O - a wand of charming (8)
Scrolls
 d - 2 scrolls of fear
 f - a scroll of brand weapon {unknown}
 i - a scroll of magic mapping
 j - 18 scrolls of identify
 m - 2 scrolls of enchant weapon {unknown}
 q - 6 scrolls of fog {unknown}
 r - 8 scrolls of teleportation {unknown}
 u - 5 scrolls of poison {unknown}
 w - 4 scrolls of immolation
 y - 3 scrolls of amnesia {unknown}
 A - a scroll of torment {unknown}
 D - 2 scrolls of noise {unknown}
 E - a scroll of vulnerability {unknown}
 I - a scroll of butterflies {unknown}
 P - 2 scrolls of blinking {unknown}
Potions
 b - 3 potions of heal wounds {unknown}
 e - 5 potions of lignification {unknown}
 g - 16 potions of curing {unknown}
 k - 4 potions of might {unknown}
 o - 3 potions of magic {unknown}
 v - 2 potions of berserk rage {unknown}
 x - 4 potions of degeneration {unknown}
 z - 2 potions of brilliance {unknown}
 C - a potion of mutation {unknown}
 G - 5 potions of flight {unknown}
 S - a potion of ambrosia {unknown}


   Skills:
 + Level 10.9 Fighting
 + Level 11.1 Axes
 + Level 9.0 Ranged Weapons
 + Level 10.7 Armour
 + Level 9.7 Dodging
 + Level 10.2 Shields


You had 11 spell levels left.
You didn't know any spells.
Your spell library was empty.

Dungeon Overview and Level Annotations

Branches:
Dungeon (12/15)            Temple (0/1) D:7            Lair (0/5) D:10
  Sewer (visited)         Ossuary (visited)
    Orc: D:9-12

Altars:
Fedhas
Gozag
Hepliaklqana
Ru
Trog
Uskayaw
Wu Jian
Zin

Shops:
D:2 ?   D:5 !   D:7 (

Annotations:
D:13 Jorgrun


Innate Abilities, Weirdness & Mutations

You have a pair of horns on your head.
You reflexively headbutt those who attack you in melee.


Message History

* * * LOW HITPOINT WARNING * * *
You block the centaur warrior's attack.
The centaur warrior kicks you but does no damage.
The 11-headed hydra bites you.
* * * LOW HITPOINT WARNING * * *
The 11-headed hydra bites you.
* * * LOW HITPOINT WARNING * * *
You block the 11-headed hydra's attack. The 11-headed hydra bites you.
* * * LOW HITPOINT WARNING * * *
The 11-headed hydra bites you but does no damage.
The 11-headed hydra closely misses you. The 11-headed hydra barely misses you.
The 11-headed hydra closely misses you. You block the 11-headed hydra's attack.
The 11-headed hydra bites you.
* * * LOW HITPOINT WARNING * * *
The 11-headed hydra closely misses you.
You hit the tengu warrior. You headbutt the tengu warrior!
You kill the tengu warrior!
Trog accepts your kill.
You slice one of the 11-headed hydra's heads off!
The ten-headed hydra grows two more!
You slash the 12-headed hydra! You hit the centaur warrior. You hit Jorgrun.
Your Ranged Weapons skill increases to level 9!
Unknown command.
You hit the cyclops. You headbutt the cyclops.
The cyclops is lightly wounded.
You slice one of the 12-headed hydra's heads off!
The 11-headed hydra grows two more!
You hit the 13-headed hydra. You hit the centaur warrior.
Lightning courses through the centaur warrior!
You hit Jorgrun but do no damage.
You block the centaur warrior's attack. x2
The 13-headed hydra bites you!
* * * LOW HITPOINT WARNING * * *
The 13-headed hydra bites you but does no damage.
The 13-headed hydra bites you.
* * * LOW HITPOINT WARNING * * *
The 13-headed hydra bites you but does no damage.
You block the 13-headed hydra's attack. x2; The 13-headed hydra bites you!
* * * LOW HITPOINT WARNING * * *
The 13-headed hydra bites you!
You die...

# #### ##### # . ..#
#...##### .# . #.#
###.#.....#.# .
#.####...#......#######
.###...)))#####.@c........
...))####...#..gDC#.####...
####)# ###.#.#.#.......c..
####(######....#.)†##..#..#
.P............#....# .#
♣~.♣..####..#.#...## #
~♣~~..# #..#..#..# ~~♣~P..
####g......# ~≈~~~....
#.......#


You could see Jorgrun, a 13-headed hydra, a centaur warrior and a cyclops.

Vanquished Creatures
  Erica (D:11)
  An ogre mage (D:13)
  3 two-headed ogres
  A tengu warrior (D:13)
  Sonja (D:10)
  An ugly thing (D:13)
  A manticore (D:11)
  4 cyclopes
  2 gargoyles
  An unseen horror (D:11)
  A meliai (D:13)
  A hornet (D:7)
  5 trolls
  A slime creature (D:7)
  Sigmund (D:3)
  A water elemental (D:13)
  A shadow (D:8)
  A spriggan (shapeshifter) (D:13)
  16 yaks
  A basilisk (D:11)
  2 wraiths
  A steam dragon (D:9)
  2 wyverns
  A golden eye (shapeshifter) (D:8)
  5 vampire mosquitoes
  2 acid dragons (D:7)
  4 orc warriors
  A sky beast (D:8)
  An ice beast (D:6)
  4 wolves (D:10)
  2 ogres
  A phantom (D:6)
  7 centaurs
  4 kobold brigands
  3 scorpions
  6 bullfrogs
  A gnoll sergeant (D:6)
  18 wights
  7 electric eels (D:10)
  6 howler monkeys
  3 jellies
  3 orc priests
  5 hounds
  A gnoll bouda (D:4)
  2 human zombies (Ossuary)
  2 iguanas
  7 orc wizards
  5 mummies
  14 gnolls
  12 adders
  7 river rats
  A shadow imp (D:6)
  2 white imps
  6 worms
  3 dart slugs
  50 orcs
  8 ball pythons
  6 bats
  8 endoplasms
  5 giant cockroaches
  6 goblins
  8 hobgoblins
  5 quokkas
  8 frilled lizards
  3 goblin zombies (Ossuary)
  3 hobgoblin zombies (Ossuary)
  2 jackal zombies (Ossuary)
  19 kobolds
  8 rats
  2 rat zombies (Ossuary)
337 creatures vanquished.

Vanquished Creatures (collateral kills)
  A centaur warrior (D:13)
  The ghost of eelars the Trooper, a novice HOFi of Nemelex Xobeh (D:7)
  An efreet (D:13)
  A shadow (D:7)
  2 centaurs (D:13)
6 creatures vanquished.

Vanquished Creatures (others)
  An orc priest (D:6)
  An orc wizard (D:6)
  A plant (D:13)
3 creatures vanquished.

Grand Total: 346 creatures vanquished

Notes
Turn   | Place    | Note
-------+----------+-------------------------------------------
     0 | D:1      | LLlMATKO the Minotaur Berserker began the quest for the
                  | Orb.
     0 | D:1      | Reached XP level 1. HP: 19/19 MP: 0/0
   199 | D:1      | Reached XP level 2. HP: 27/27 MP: 1/1
   539 | D:2      | Reached skill level 4 in Axes
   551 | D:2      | Reached XP level 3. HP: 33/33 MP: 2/2
   609 | D:2      | Found Vusk's Magic Scroll Shoppe.
   662 | D:2      | Bought a scroll of identify for 22 gold pieces
   690 | D:2      | Reached skill level 1 in Shields
   730 | D:2      | Reached XP level 4. HP: 40/40 MP: 3/3
   751 | D:2      | Reached ** piety under Trog
  1609 | D:3      | Found Colliof's Antique Armour Shop.
  1686 | D:3      | Noticed Sigmund
  1693 | D:3      | Killed Sigmund
  1694 | D:3      | Reached XP level 5. HP: 47/47 MP: 4/4
  2078 | D:4      | Reached XP level 6. HP: 55/55 MP: 5/5
  2171 | D:4      | Reached skill level 5 in Fighting
  2171 | D:4      | Reached skill level 5 in Axes
  2171 | D:4      | Reached skill level 1 in Ranged Weapons
  2418 | D:4      | Found a sacrificial altar of Ru.
  2418 | D:4      | Found an opulent altar of Gozag.
  2437 | D:4      | Found a bloodstained altar of Trog.
  2551 | D:4      | Reached XP level 7. HP: 58/61 MP: 6/6
  3166 | D:5      | Entered Level 5 of the Dungeon
  3197 | D:5      | Found Erheogeh's Distillery.
  3495 | D:5      | Reached *** piety under Trog
  3507 | D:5      | Reached skill level 5 in Armour
  4107 | D:6      | Reached XP level 8. HP: 70/70 MP: 7/7
  4123 | D:6      | Reached skill level 6 in Axes
  4130 | D:6      | Reached skill level 5 in Dodging
  4165 | D:6      | Found a glowing drain.
  4171 | Sewer    | Entered a sewer
  4515 | D:6      | Reached **** piety under Trog
  4808 | D:6      | Reached skill level 5 in Shields
  5032 | D:6      | Found a hazy altar of Hepliaklqana.
  5495 | D:7      | Found a blossoming altar of Fedhas.
  5497 | D:7      | Found a hide-covered altar of Uskayaw.
  5497 | D:7      | Found an ornate altar of the Wu Jian Council.
  5686 | D:7      | Noticed a hornet
  5694 | D:7      | Killed a hornet
  5695 | D:7      | Reached skill level 7 in Axes
  5695 | D:7      | Reached XP level 9. HP: 77/79 MP: 8/8
  5706 | D:7      | Noticed a troll
  5718 | D:7      | Killed a troll
  5750 | D:7      | Reached skill level 5 in Ranged Weapons
  5761 | D:7      | Noticed a cyclops
  5766 | D:7      | Killed a cyclops
  5772 | D:7      | Reached skill level 8 in Axes
  6233 | D:7      | Found a runed translucent door.
  6233 | D:7      | Noticed eelars's ghost (novice HOFi)
  6359 | D:7      | Noticed a cyclops
  6362 | D:7      | Killed a cyclops
  6363 | D:7      | Reached XP level 10. HP: 88/88 MP: 9/9
  6456 | D:7      | Found a glowing silver altar of Zin.
  6855 | D:7      | Found Lioplel's Antique Weapon Emporium.
  6917 | D:7      | Found a staircase to the Ecumenical Temple.
  7114 | D:7      | Killed eelars's ghost
  7261 | D:8      | Reached skill level 9 in Axes
  7272 | D:8      | Identified the ring "Xonwarui" {Fly rF+ rC+ rN+ SInv}
  7327 | D:8      | Found a sand-covered staircase.
  7433 | Ossuary  | Entered an ossuary
  7707 | D:8      | Reached ***** piety under Trog
  8013 | D:8      | Received a gift from Trog
  8023 | D:8      | Reached XP level 11. HP: 97/97 MP: 10/10
  9024 | D:10     | Entered Level 10 of the Dungeon
  9024 | D:10     | Noticed Sonja
  9105 | D:10     | Killed Sonja
  9334 | D:10     | Noticed a two-headed ogre
  9334 | D:10     | Noticed a two-headed ogre
  9343 | D:10     | Killed a two-headed ogre
  9352 | D:10     | Killed a two-headed ogre
  9397 | D:10     | Identified the +1 pair of boots of Oshiomm {Dex+4}
 10103 | D:10     | Reached skill level 10 in Axes
 10114 | D:10     | Found a staircase to the Lair.
 10506 | D:11     | Reached skill level 10 in Fighting
 10789 | D:11     | Noticed a two-headed ogre
 10800 | D:11     | Killed a two-headed ogre
 10855 | D:11     | Reached skill level 10 in Armour
 11065 | D:11     | Noticed Erica
 11075 | D:11     | Killed Erica
 11483 | D:12     | Reached XP level 12. HP: 107/107 MP: 11/11
 11499 | D:12     | You are sucked into a shaft and drop 1 floor!
 11507 | D:13     | Noticed a boulder beetle
 11508 | D:13     | Noticed a five-headed hydra
 11553 | D:13     | Noticed a centaur warrior
 11558 | D:13     | Killed a centaur warrior
 11559 | D:13     | Reached skill level 10 in Shields
 11756 | D:13     | Noticed a centaur warrior
 11758 | D:13     | Noticed an ogre mage
 11762 | D:13     | Noticed Jorgrun
 11767 | D:13     | Killed an ogre mage
 11768 | D:13     | Reached skill level 11 in Axes
 11772 | D:13     | Noticed a tengu warrior
 11784 | D:13     | Killed a tengu warrior
 11785 | D:13     | HP: 1/162 [13-headed hydra (9)]
 11785 | D:13     | Mangled by a 13-headed hydra

Illustrated notes

Levels and vault maps discovered:
D:1:      psy_arrival_dodecagon, layout_rooms
D:2:      layout_loops_ring, serial_shops, shop
D:3:      layout_basic, serial_shops, shop, hex_large, grunt_decor_fettered,
          uniq_sigmund
D:4:      cheibrodos_barr_body, layout_cave_pods, lemuel_crystal_altar,
          chequers_temple_overflow_statue_of_worship, minmay_misc_feat_enclosed
D:5:      layout_loops_ring, serial_shops, nicolae_shop_peninsula
D:6:      layout_basic, mainiacjoe_overflow_small_starburst,
          lightli_sewer_entry_pipes, minivault_10, minmay_misc_feat_five,
          kennysheep_generic_room_15
D:7:      minmay_the_grid_triangle_9x9_recursive_2
          [minmay_the_grid_triangle_9x9_prize_top_heavy,
          minmay_the_grid_triangle_9x9_impossible_snake,
          minmay_the_grid_triangle_9x9_intruding_spiral,
          minmay_the_grid_triangle_9x9_warning], layout_basic,
          grunt_temple_overflow_open, zin_academy, temple_hall, serial_shops,
          nicolae_diamond_shop, ebering_ghost_inner_flame
D:8:      layout_rooms, gup_ossuary_entry_pyramid
D:9:      layout_grid_maze, kennysheep_decorative_pillar
D:10:     layout_basic, erik_lair_island, uniq_sonja
D:11:     layout_stronghold, uniq_erica
D:12:     layout_cave_pools, david_orc_5, uniq_snorg, uniq_maurice
D:13:     minmay_bloctagon, layout_loops_ring, skrybe_vaults_entry_preservation,
          serial_bayou, serial_bayou_shore_a, serial_bayou_pond_b,
          serial_bayou_ford_a, serial_bayou_crossing, uniq_erolcha, uniq_urug,
          uniq_jorgrun

Skill      XL: |  1  2  3  4  5  6  7  8  9 10 11 12 |
---------------+-------------------------------------+-----
Axes           | 4 5 7 8 9 10 11 | 11.1
Fighting       | 4 5 7 8 9 10 | 10.9
Armour         | 3 4 5 6 7 8 10 | 10.7
Shields        | 1 2 3 4 5 7 8 9 10 | 10.2
Dodging        | 3 4 5 7 8 9 |  9.7
Ranged Weapons | 1 2 4 5 7 8 9 |  9.0

Action                     |  1- 3 |  4- 6 |  7- 9 | 10-12 || total
---------------------------+-------+-------+-------+-------++-------
  Melee: Hand axe          |    71 |   109 |   148 |   463 ||   791
         Headbutt          |     7 |    19 |    57 |    81 ||   164
         War axe           |       |       |   132 |       ||   132
         Broad axe         |       |       |    26 |       ||    26
  Throw: Dart              |       |     3 |     1 |       ||     4
 Invoke: Berserk           |     1 |     3 |     2 |    12 ||    18
         Trog's Hand       |       |       |       |     4 ||     4
         Brothers in Arms  |       |       |       |     3 ||     3
    Use: Scroll            |       |       |     2 |     2 ||     4
 Armour: Chain mail        |    40 |    49 |    99 |    20 ||   208
         Plate armour      |       |       |       |   125 ||   125
  Dodge: Dodged            |    23 |    41 |    88 |   141 ||   293
  Block: Kite shield       |    10 |    42 |   187 |   354 ||   593
         Reflection        |       |       |     5 |    25 ||    30
